Influenza vs Thunder
Created - November 12, 2019 at 19:24
Goals
|
| Influenza |
4 |
4 |
1 |
9 |
| Thunder |
1 |
4 |
0 |
5 |
|
Shots
|
| Influenza |
14 |
13 |
13 |
40 |
| Thunder |
9 |
13 |
4 |
26 |
|
1st period
1. Influenza , Kasperi Kapanen 3 (Zac Dalpe 4, Dmitry Sinitsyn 6) at 0:53
2. Influenza , Andre Burakovsky 10 (Jake Guentzel 11, Anthony Mantha 5) at 6:38
3. Influenza , Jimmy Vesey 5 (Iiro Pakarinen 8, Calvin de Haan 9) at 7:11
4. Influenza , Andre Burakovsky 11 (Iiro Pakarinen 9, Jake Guentzel 12) at 9:11 (PP)
5. Thunder , Zach Stepan 1 (Jamie McGinn 2, Joey Ryan 2) at 19:05
Penalties :
Austin Wuthrich (TRO) for Hooking (Minor) at 7:52, Austin Wuthrich (TRO) for Slashing (Minor) at 15:14, Iiro Pakarinen (VJB) for Cross-checking (Minor) at 16:42
2nd period
6. Thunder , Dany Roussin 7 (Eric Fehr 12, William Karlsson 10) at 0:06
7. Influenza , Anthony Mantha 3 (Andre Burakovsky 8, Jake Guentzel 13) at 0:12
8. Thunder , Austin Wuthrich 1 (Trevor Lewis 2) at 4:40
9. Influenza , Jacob Josefson 2 (Lucas Lessio 5, Justin Bailey 2) at 9:20
10. Influenza , Jake Guentzel 2 (Aaron Ekblad 3, Andre Burakovsky 9) at 9:35
11. Influenza , Zac Dalpe 3 (Kasperi Kapanen 2) at 10:06
12. Thunder , Jamie McGinn 6 (Jesper Pettersson 2) at 12:24
13. Thunder , Eric Fehr 6 (William Karlsson 11) at 13:50 (PP)
Penalties :
William Karlsson (TRO) for Hooking (Minor) at 10:11, Aaron Ekblad (VJB) for High sticking (Minor) at 13:48, Anthony Mantha (VJB) for Interference (Minor) at 14:03, Emil Johansson (TRO) for Tripping (Minor) at 17:54
3rd period
14. Influenza , Andre Burakovsky 12 (Jake Guentzel 14) at 15:41 (PP)
Penalties :
Mikko Vainonen (TRO) for Roughing (Minor) at 1:39, Roland McKeown (VJB) for Hooking (Minor) at 9:06, Jordan Weal (TRO) for Hooking (Minor) at 15:11
Goalie Stats
Malcolm Subban (VJB), 21 saves from 26 shots - (0.808), W, 5-1-1, 60:00 minutes
Niklas Treutle (TRO), 20 saves from 25 shots - (0.800), 39:05 minutes
Jussi Rynnas (TRO), 11 saves from 15 shots - (0.733), L, 0-2-1, 20:55 minutes
Players Stats for Influenza
Player Name G A P +/- PIM S H SB GA TA FO MP PP MP PK MP
------------------------------------------------------------------------------------
Aaron Ekblad 0 1 1 0 2 2 2 2 1 1 0/0 23:16 5:54 0:15
Andre Burakovsky 3 2 5 1 0 8 2 1 0 0 1/2 22:17 5:41 1:58
Anthony Mantha 1 1 2 1 2 3 2 0 0 0 1/2 17:08 0:08 1:45
Bo Horvat 0 0 0 1 0 1 0 0 0 0 6/11 15:12 3:25 0:42
Calvin de Haan 0 1 1 2 0 2 3 1 2 1 0/0 29:26 5:54 3:11
Dmitry Sinitsyn 0 1 1 2 0 0 1 1 0 1 0/0 15:43 3:20 2:17
Iiro Pakarinen 0 2 2 1 2 4 1 0 0 0 0/0 16:52 5:41 0:00
Jacob Josefson 1 0 1 0 0 1 2 0 0 0 2/5 10:25 0:00 1:21
Jake Guentzel 1 4 5 1 0 6 4 0 0 1 18/34 20:49 5:42 0:13
Jimmy Vesey 1 0 1 1 0 2 2 0 0 0 0/0 11:51 0:07 0:28
Justin Bailey 0 1 1 0 0 0 0 0 0 0 0/0 12:33 3:25 0:00
Kasperi Kapanen 1 1 2 1 0 1 2 0 1 0 0/0 9:58 0:07 0:00
Luca Sbisa 0 0 0 -1 0 0 0 1 1 0 0/0 17:47 0:00 2:56
Lucas Lessio 0 1 1 0 0 2 2 0 0 0 0/0 14:07 3:25 1:34
Nick Ritchie 0 0 0 1 0 1 1 0 0 0 0/0 9:51 0:00 0:00
Paul Ladue 0 0 0 0 0 3 2 0 0 1 0/0 24:04 3:20 2:17
Roland McKeown 0 0 0 3 2 0 1 0 0 0 0/0 9:43 0:00 0:00
Zac Dalpe 1 1 2 1 0 4 3 1 0 0 2/6 12:55 0:00 2:55
Players Stats for Thunder
Player Name G A P +/- PIM S H SB GA TA FO MP PP MP PK MP
------------------------------------------------------------------------------------
Artur Gavrus 0 0 0 0 0 0 0 0 0 0 0/0 0:00 0:00 0:00
Austin Poganski 0 0 0 1 0 0 0 0 0 0 1/1 13:00 0:16 0:00
Austin Wuthrich 1 0 1 -1 4 1 0 0 1 1 0/0 15:18 2:44 0:00
Colby Cave 0 0 0 0 0 0 0 0 0 0 0/0 0:51 0:23 0:00
Dany Roussin 1 0 1 -2 0 5 2 0 1 1 0/0 22:17 2:27 5:43
David Wolf 0 0 0 -1 0 1 3 2 0 0 0/0 18:36 2:38 3:15
Derek Forbort 0 0 0 -3 0 2 0 1 0 1 0/0 19:54 1:58 3:54
Emil Johansson 0 0 0 0 2 0 0 0 0 0 0/0 5:39 0:00 0:22
Eric Fehr 1 1 2 -3 0 2 0 1 1 0 6/14 25:52 2:27 5:39
Gianluca Curcuruto 0 0 0 0 0 1 0 1 0 0 0/0 8:30 0:00 0:00
Jamie McGinn 1 1 2 1 0 4 1 0 0 1 0/0 12:23 0:00 0:00
Jarrod Maidens 0 0 0 0 0 0 0 0 0 0 0/0 1:35 0:00 1:25
Jesper Pettersson 0 1 1 0 0 0 1 0 0 0 0/0 9:51 0:00 0:43
Joey Ryan 0 1 1 0 0 2 2 1 0 0 0/0 26:24 3:30 5:20
Jordan Weal 0 0 0 -1 2 0 0 0 0 0 1/2 6:04 0:00 0:31
Mackenze Stewart 0 0 0 0 0 0 0 0 0 0 0/0 5:12 0:00 0:00
Mikko Vainonen 0 0 0 -3 2 0 0 1 0 0 0/0 18:17 1:58 2:49
Nikolay Prokhorkin 0 0 0 -1 0 0 0 0 0 0 0/0 5:53 0:00 0:16
Peter Andersson 0 0 0 0 0 4 0 1 0 0 0/0 26:24 3:30 5:20
Trevor Lewis 0 1 1 -1 0 1 1 1 2 0 5/11 15:14 2:38 0:00
Vincent Dunn 0 0 0 0 0 0 0 0 0 0 0/1 2:40 0:23 0:00
William Karlsson 0 2 2 -2 2 1 1 0 0 0 14/28 17:52 2:28 1:39
Zach Stepan 1 0 1 1 0 2 0 1 0 1 3/3 12:23 0:00 0:00
3 Stars
1 - Andre Burakovsky (VJB)
2 - Jake Guentzel (VJB)
3 - Zac Dalpe (VJB)
Power Play
Influenza - 2 on 6 Attempt(s) - 33.33%
Thunder - 1 on 4 Attempt(s) - 25.00%
Penalty Kill
Influenza - 3 on 4 Attempt(s) - 75.00%
- Score 0 goal in Penalty Kill
Thunder - 4 on 6 Attempt(s) - 66.67%
- Score 0 goal in Penalty Kill
Team Stat
Influenza - Hits : 30 - Faceoff Wins : 30 - Blocked Shots : 7 - Penalty Minutes : 8
Thunder - Hits : 11 - Faceoff Wins : 30 - Blocked Shots : 10 - Penalty Minutes : 12
Official
Referees : Unknown
Linesman : Unknown
Game Notes
Jussi Rynnas enters game at 9:11 of 1st period
Niklas Treutle enters game at 10:06 of 2nd period
Andre Burakovsky has scored a Hat Trick!
Finance
Level 1 -- Attendance: 1471 (73.55%) -- Ticket Income $58,840
Level 2 -- Attendance: 704 (70.40%) -- Ticket Income $14,080
Total Attendance: 2175 (72.50%)
Total Ticket Income: $72,920
Other Income: $3,646
Total Income: $76,566
Influenza
5 vs 5 Forward
Center Left Wing Right Wing Time % Phy DF OF
1 Jake Guentzel Andre Burakovsky Anthony Mantha 40 1 2 2
2 Bo Horvat Jimmy Vesey Iiro Pakarinen 30 1 2 2
3 Zac Dalpe Nick Ritchie Kasperi Kapanen 20 1 2 2
4 Jacob Josefson Lucas Lessio Justin Bailey 10 1 2 2
5 vs 5 Defense
Defense Defense Time % Phy DF OF
1 Calvin de Haan Paul Ladue 40 1 2 2
2 Aaron Ekblad Luca Sbisa 30 1 2 2
3 Dmitry Sinitsyn Roland McKeown 20 1 2 2
4 Calvin de Haan Aaron Ekblad 10 1 2 2
PowerPlay Forward
Center Left Wing Right Wing Time % Phy DF OF
1 Jake Guentzel Andre Burakovsky Iiro Pakarinen 60 1 2 2
2 Bo Horvat Lucas Lessio Justin Bailey 40 1 2 2
PowerPlay Defense
Defense Defense Time % Phy DF OF
1 Calvin de Haan Aaron Ekblad 60 1 2 2
2 Paul Ladue Dmitry Sinitsyn 40 1 2 2
Penalty Kill 4 Players Forward
Center Wing Time % Phy DF OF
1 Zac Dalpe Anthony Mantha 60 1 2 2
2 Bo Horvat Andre Burakovsky 40 1 2 2
Penalty Kill 4 Players Defense
Defense Defense Time % Phy DF OF
1 Calvin de Haan Luca Sbisa 60 1 2 2
2 Paul Ladue Dmitry Sinitsyn 40 1 2 2
Penalty Kill - 3 Players Forward
Forward Time % Phy DF OF
1 Zac Dalpe 60 1 2 2
2 Bo Horvat 40 1 2 2
Penalty Kill - 3 Players Defense
Defense Defense Time % Phy DF OF
1 Calvin de Haan Luca Sbisa 60 1 2 2
2 Paul Ladue Dmitry Sinitsyn 40 1 2 2
4 vs 4 Forward
Center Wing Time % Phy DF OF
1 Jake Guentzel Anthony Mantha 60 1 2 2
2 Bo Horvat Andre Burakovsky 40 1 2 2
4 vs 4 Defense
Defense Defense Time % Phy DF OF
1 Calvin de Haan Aaron Ekblad 60 1 2 2
2 Paul Ladue Dmitry Sinitsyn 40 1 2 2
Last Minutes Offensive
Center Left Wing Right Wing Defense Defense
Jake Guentzel Andre Burakovsky Justin Bailey Calvin de Haan Paul Ladue
Last Minutes Defensive
Center Left Wing Right Wing Defense Defense
Zac Dalpe Andre Burakovsky Anthony Mantha Calvin de Haan Paul Ladue
Goaltenders
Starting : Malcolm Subban
Backup : Tyson Sexsmith
Extra Forwards
Normal : Bo Horvat, Nick Ritchie, Jake Guentzel - PP : Bo Horvat, Anthony Mantha - PK : Andre Burakovsky
Extra Defensemen
Normal : Aaron Ekblad, Luca Sbisa, Calvin de Haan - PP : Luca Sbisa - PK : Paul Ladue, Calvin de Haan
Penalty Shots
Andre Burakovsky, Zac Dalpe, Jake Guentzel, Anthony Mantha, Bo Horvat
Scratches
Jordan Schroeder (Healthy), Shane Prince (Healthy), Jeff Corbett (Healthy), Henri Ikonen (Healthy), Johan Larsson (Healthy)
Tim Erixon (Sports Hernia Injury), Tom Kuhnhackl (Healthy), Mitchell Moroz (Healthy), Josh Andrerson (Healthy), Jesse Graham (Healthy)
Rinat Valievv (Healthy), Conner Bleackley (Healthy), Brycen Martin (Healthy), Jaden Lindo (Healthy), Jamie Phillips (Healthy)
Thunder
5 vs 5 Forward
Center Left Wing Right Wing Time % Phy DF OF
1 William Karlsson Dany Roussin Eric Fehr 40 1 2 2
2 Trevor Lewis David Wolf Austin Wuthrich 30 1 2 2
3 Zach Stepan Jamie McGinn Austin Poganski 20 1 2 2
4 Jordan Weal Nikolay Prokhorkin Eric Fehr 10 1 2 2
5 vs 5 Defense
Defense Defense Time % Phy DF OF
1 Joey Ryan Peter Andersson 40 1 2 2
2 Derek Forbort Mikko Vainonen 30 1 2 2
3 Gianluca Curcuruto Jesper Pettersson 20 1 2 2
4 Emil Johansson Mackenze Stewart 10 1 2 2
PowerPlay Forward
Center Left Wing Right Wing Time % Phy DF OF
1 William Karlsson Dany Roussin Eric Fehr 60 1 2 2
2 Trevor Lewis David Wolf Austin Wuthrich 40 1 2 2
PowerPlay Defense
Defense Defense Time % Phy DF OF
1 Joey Ryan Peter Andersson 60 1 2 2
2 Derek Forbort Mikko Vainonen 40 1 2 2
Penalty Kill 4 Players Forward
Center Wing Time % Phy DF OF
1 Eric Fehr Dany Roussin 60 1 2 2
2 William Karlsson David Wolf 40 1 2 2
Penalty Kill 4 Players Defense
Defense Defense Time % Phy DF OF
1 Joey Ryan Peter Andersson 60 1 2 2
2 Derek Forbort Mikko Vainonen 40 1 2 2
Penalty Kill - 3 Players Forward
Forward Time % Phy DF OF
1 Eric Fehr 60 1 2 2
2 Dany Roussin 40 1 2 2
Penalty Kill - 3 Players Defense
Defense Defense Time % Phy DF OF
1 Joey Ryan Peter Andersson 60 1 2 2
2 Derek Forbort Mikko Vainonen 40 1 2 2
4 vs 4 Forward
Center Wing Time % Phy DF OF
1 Eric Fehr Dany Roussin 60 1 2 2
2 William Karlsson David Wolf 40 1 2 2
4 vs 4 Defense
Defense Defense Time % Phy DF OF
1 Joey Ryan Peter Andersson 60 1 2 2
2 Derek Forbort Mikko Vainonen 40 1 2 2
Last Minutes Offensive
Center Left Wing Right Wing Defense Defense
William Karlsson Dany Roussin Eric Fehr Joey Ryan Peter Andersson
Last Minutes Defensive
Center Left Wing Right Wing Defense Defense
William Karlsson Dany Roussin Eric Fehr Joey Ryan Peter Andersson
Goaltenders
Starting : Niklas Treutle
Backup : Jussi Rynnas
Extra Forwards
Normal : Vincent Dunn, Colby Cave, Jarrod Maidens - PP : Vincent Dunn, Colby Cave - PK : Jarrod Maidens
Extra Defensemen
Normal : Gianluca Curcuruto, Jesper Pettersson, Emil Johansson - PP : Gianluca Curcuruto - PK : Jesper Pettersson, Emil Johansson
Penalty Shots
Eric Fehr, Dany Roussin, William Karlsson, David Wolf, Trevor Lewis
Scratches
None
% Time on Ice - Influenza
Lines # - Real PCT - Wanted PCT - Time Play
Normal Forward
1 - 33% - 40% - 14:47
2 - 25% - 30% - 11:05
3 - 22% - 20% - 9:51
4 - 20% - 10% - 9:04
Normal Defense
1 - 41% - 40% - 18:28
2 - 33% - 30% - 14:34
3 - 22% - 20% - 9:43
4 - 5% - 10% - 2:02
PP Forward
1 - 63% - 60% - 5:49
2 - 37% - 40% - 3:25
PP Defense
1 - 64% - 60% - 5:54
2 - 36% - 40% - 3:20
PK Forward
1 - 87% - 60% - 4:46
2 - 13% - 40% - 0:42
PK Defense
1 - 58% - 60% - 3:11
2 - 42% - 40% - 2:17
PK3 Forward
1 - 0% - 60%
2 - 0% - 40%
PK3 Defense
1 - 0% - 60%
2 - 0% - 40%
44 Forward
1 - 100% - 60% - 0:31
2 - 0% - 40% - 0:00
44 Defense
1 - 100% - 60% - 0:31
2 - 0% - 40% - 0:00
Last Minute Offensive - 0:00
Last Minute Defensive - 0:00
Total
Forward - 60:00
Defense - 60:00
|
% Time on Ice - Thunder
Lines # - Real PCT - Wanted PCT - Time Play
Normal Forward
1 - 32% - 40% - 14:17
2 - 28% - 30% - 12:39
3 - 28% - 20% - 12:23
4 - 12% - 10% - 5:28
Normal Defense
1 - 38% - 40% - 17:03
2 - 31% - 30% - 14:02
3 - 19% - 20% - 8:30
4 - 12% - 10% - 5:12
PP Forward
1 - 52% - 60% - 2:50
2 - 48% - 40% - 2:38
PP Defense
1 - 64% - 60% - 3:30
2 - 36% - 40% - 1:58
PK Forward
1 - 76% - 60% - 7:00
2 - 24% - 40% - 2:14
PK Defense
1 - 58% - 60% - 5:20
2 - 42% - 40% - 3:54
PK3 Forward
1 - 0% - 60%
2 - 0% - 40%
PK3 Defense
1 - 0% - 60%
2 - 0% - 40%
44 Forward
1 - 100% - 60% - 0:31
2 - 0% - 40% - 0:00
44 Defense
1 - 100% - 60% - 0:31
2 - 0% - 40% - 0:00
Last Minute Offensive - 0:00
Last Minute Defensive - 0:00
Total
Forward - 60:00
Defense - 60:00
|
Play-by-Play
1st period
0:01 of 1st period - William Karlsson wins face-off versus Jake Guentzel in neutral zone.
0:14 of 1st period - Wrist shot by Eric Fehr.
0:14 of 1st period - Shot Blocked by Calvin de Haan.
0:16 of 1st period - Snap shot by William Karlsson.
0:16 of 1st period - Stopped by Malcolm Subban with a rebound.
0:26 of 1st period - Joey Ryan is hit by Jimmy Vesey and loses puck.
0:37 of 1st period - Wrist shot by Jimmy Vesey.
0:37 of 1st period - Shot Misses the Net.
0:39 of 1st period - Snap shot by Jimmy Vesey.
0:39 of 1st period - Stopped by Niklas Treutle without a rebound.
0:40 of 1st period - Zach Stepan wins face-off versus Zac Dalpe in Thunder zone.
0:49 of 1st period - Snap shot by Zac Dalpe.
0:49 of 1st period - Stopped by Niklas Treutle with a rebound.
0:51 of 1st period - Slapshot by Dmitry Sinitsyn.
0:51 of 1st period - Shot Misses the Net.
0:53 of 1st period - Snap shot by Zac Dalpe.
0:53 of 1st period - Deflect By Kasperi Kapanen.
0:53 of 1st period - Goal by Kasperi Kapanen - Influenza : 1 - Thunder : 0.
0:54 of 1st period - Jacob Josefson wins face-off versus Jordan Weal in neutral zone.
1:29 of 1st period - Mikko Vainonen is hit by Andre Burakovsky and loses puck.
2:01 of 1st period - Dany Roussin is hit by Kasperi Kapanen and loses puck.
2:39 of 1st period - Zach Stepan is hit by Paul Ladue and loses puck.
2:44 of 1st period - Wrist shot by Jake Guentzel.
2:44 of 1st period - Stopped by Niklas Treutle with a rebound.
3:14 of 1st period - Icing by Luca Sbisa.
3:15 of 1st period - Trevor Lewis wins face-off versus Bo Horvat in Influenza zone.
3:24 of 1st period - Slapshot by David Wolf.
3:24 of 1st period - Stopped by Malcolm Subban without a rebound.
3:25 of 1st period - Jake Guentzel wins face-off versus Trevor Lewis in Influenza zone.
4:47 of 1st period - Austin Poganski is hit by Jake Guentzel and loses puck.
6:22 of 1st period - Wrist shot by Zac Dalpe.
6:22 of 1st period - Shot Misses the Net.
6:38 of 1st period - Snap shot by Andre Burakovsky.
6:38 of 1st period - Goal by Andre Burakovsky - Influenza : 2 - Thunder : 0.
6:39 of 1st period - Jake Guentzel wins face-off versus William Karlsson in neutral zone.
7:09 of 1st period - Snap shot by Iiro Pakarinen.
7:09 of 1st period - Stopped by Niklas Treutle with a rebound.
7:11 of 1st period - Slapshot by Jimmy Vesey.
7:11 of 1st period - Goal by Jimmy Vesey - Influenza : 3 - Thunder : 0.
7:12 of 1st period - Jake Guentzel wins face-off versus William Karlsson in neutral zone.
7:19 of 1st period - Snap shot by Jake Guentzel.
7:19 of 1st period - Shot Misses the Net.
7:21 of 1st period - Slapshot by Andre Burakovsky.
7:21 of 1st period - Shot Blocked by Joey Ryan.
7:23 of 1st period - Slapshot by Calvin de Haan.
7:23 of 1st period - Stopped by Niklas Treutle with a rebound.
7:25 of 1st period - Snap shot by Aaron Ekblad.
7:25 of 1st period - Stopped by Niklas Treutle with a rebound.
7:52 of 1st period - Minor Penalty to Austin Wuthrich for Hooking.
7:53 of 1st period - Eric Fehr wins face-off versus Jake Guentzel in Thunder zone.
8:02 of 1st period - Joey Ryan is hit by Iiro Pakarinen and loses puck.
9:11 of 1st period - Wrist shot by Andre Burakovsky.
9:11 of 1st period - Goal by Andre Burakovsky - Influenza : 4 - Thunder : 0.
9:11 of 1st period - Jussi Rynnas enters game.
9:12 of 1st period - Austin Poganski wins face-off versus Zac Dalpe in neutral zone.
9:15 of 1st period - Snap shot by Jamie McGinn.
9:15 of 1st period - Shot Blocked by Dmitry Sinitsyn.
9:17 of 1st period - Slapshot by Derek Forbort.
9:17 of 1st period - Stopped by Malcolm Subban with a rebound.
9:19 of 1st period - Wrist shot by Zach Stepan.
9:19 of 1st period - Stopped by Malcolm Subban with a rebound.
9:21 of 1st period - Wrist shot by Jamie McGinn.
9:21 of 1st period - Stopped by Malcolm Subban with a rebound.
9:42 of 1st period - Slapshot by Trevor Lewis.
9:42 of 1st period - Shot Misses the Net.
9:58 of 1st period - Wrist shot by Nick Ritchie.
9:58 of 1st period - Shot Misses the Net.
10:22 of 1st period - Luca Sbisa is hit by Trevor Lewis and loses puck.
10:27 of 1st period - Snap shot by Trevor Lewis.
10:27 of 1st period - Stopped by Malcolm Subban without a rebound.
10:28 of 1st period - William Karlsson wins face-off versus Jacob Josefson in Influenza zone.
10:29 of 1st period - Slapshot by Dany Roussin.
10:29 of 1st period - Stopped by Malcolm Subban with a rebound.
10:47 of 1st period - Slapshot by Jamie McGinn.
10:47 of 1st period - Shot Misses the Net.
10:53 of 1st period - Zach Stepan is hit by Calvin de Haan and loses puck.
11:32 of 1st period - Jimmy Vesey is hit by William Karlsson and loses puck.
11:45 of 1st period - Austin Poganski is hit by Lucas Lessio.
12:13 of 1st period - Backhand shot by Zac Dalpe.
12:13 of 1st period - Shot Blocked by Mikko Vainonen.
12:15 of 1st period - Slapshot by Zac Dalpe.
12:15 of 1st period - Stopped by Jussi Rynnas with a rebound.
12:32 of 1st period - William Karlsson is hit by Dmitry Sinitsyn and loses puck.
12:38 of 1st period - Icing by Dany Roussin.
12:39 of 1st period - Bo Horvat wins face-off versus William Karlsson in Thunder zone.
13:04 of 1st period - Anthony Mantha is hit by David Wolf and loses puck.
13:36 of 1st period - Kasperi Kapanen is hit by Dany Roussin and loses puck.
13:42 of 1st period - Off-side.
13:43 of 1st period - Jordan Weal wins face-off versus Bo Horvat in neutral zone.
14:15 of 1st period - Trevor Lewis is hit by Andre Burakovsky and loses puck.
14:34 of 1st period - Off-side.
14:35 of 1st period - Bo Horvat wins face-off versus William Karlsson in neutral zone.
14:48 of 1st period - Snap shot by William Karlsson.
14:48 of 1st period - Shot Misses the Net.
14:50 of 1st period - Slapshot by Peter Andersson.
14:50 of 1st period - Shot Misses the Net.
15:14 of 1st period - Minor Penalty to Austin Wuthrich for Slashing.
15:15 of 1st period - Eric Fehr wins face-off versus Jake Guentzel in Thunder zone.
15:36 of 1st period - Dany Roussin is hit by Calvin de Haan and loses puck.
15:43 of 1st period - Slapshot by Bo Horvat.
15:43 of 1st period - Shot Misses the Net.
16:14 of 1st period - Off-side.
16:15 of 1st period - Jake Guentzel wins face-off versus William Karlsson in neutral zone.
16:42 of 1st period - Minor Penalty to Iiro Pakarinen for Cross-checking.
16:43 of 1st period - Anthony Mantha wins face-off versus Eric Fehr in Influenza zone.
16:54 of 1st period - Slapshot by Anthony Mantha.
16:54 of 1st period - Stopped by Jussi Rynnas with a rebound.
16:56 of 1st period - Wrist shot by Jake Guentzel.
16:56 of 1st period - Stopped by Jussi Rynnas without a rebound.
16:57 of 1st period - Eric Fehr wins face-off versus Jake Guentzel in Thunder zone.
16:57 of 1st period - Eric Fehr is hit by Jake Guentzel.
17:14 of 1st period - Penalty to Austin Wuthrich is over, Austin Wuthrich is back on ice.
18:42 of 1st period - Penalty to Iiro Pakarinen is over, Iiro Pakarinen is back on ice.
19:03 of 1st period - Snap shot by Jamie McGinn.
19:03 of 1st period - Stopped by Malcolm Subban with a rebound.
19:05 of 1st period - Snap shot by Jamie McGinn.
19:05 of 1st period - Deflect By Zach Stepan.
19:05 of 1st period - Goal by Zach Stepan - Influenza : 4 - Thunder : 1.
19:06 of 1st period - Bo Horvat wins face-off versus William Karlsson in neutral zone.
19:19 of 1st period - Snap shot by Iiro Pakarinen.
19:19 of 1st period - Stopped by Jussi Rynnas with a rebound.
19:21 of 1st period - Snap shot by Bo Horvat.
19:21 of 1st period - Shot Misses the Net.
Goals for this period are 4 for Influenza vs 1 for Thunder.
Shots for this period are 14 for Influenza vs 9 for Thunder.
2nd period
0:01 of 2nd period - William Karlsson wins face-off versus Jake Guentzel in neutral zone.
0:06 of 2nd period - Snap shot by Dany Roussin.
0:06 of 2nd period - Goal by Dany Roussin - Influenza : 4 - Thunder : 2.
0:07 of 2nd period - Jake Guentzel wins face-off versus William Karlsson in neutral zone.
0:12 of 2nd period - Snap shot by Anthony Mantha.
0:12 of 2nd period - Goal by Anthony Mantha - Influenza : 5 - Thunder : 2.
0:13 of 2nd period - William Karlsson wins face-off versus Jake Guentzel in neutral zone.
0:18 of 2nd period - Snap shot by Dany Roussin.
0:18 of 2nd period - Shot Misses the Net.
0:25 of 2nd period - Off-side.
0:26 of 2nd period - William Karlsson wins face-off versus Jake Guentzel in neutral zone.
0:40 of 2nd period - Icing by Paul Ladue.
0:41 of 2nd period - William Karlsson wins face-off versus Jake Guentzel in Influenza zone.
0:42 of 2nd period - Wrist shot by Dany Roussin.
0:42 of 2nd period - Deflect By Eric Fehr.
0:42 of 2nd period - Stopped by Malcolm Subban without a rebound.
0:43 of 2nd period - Jake Guentzel wins face-off versus William Karlsson in Influenza zone.
1:08 of 2nd period - Iiro Pakarinen is hit by David Wolf and loses puck.
1:29 of 2nd period - Zach Stepan is hit by Jacob Josefson and loses puck.
1:33 of 2nd period - Icing by Zach Stepan.
1:34 of 2nd period - Zach Stepan wins face-off versus Jacob Josefson in Thunder zone.
1:54 of 2nd period - Slapshot by Peter Andersson.
1:54 of 2nd period - Stopped by Malcolm Subban with a rebound.
2:29 of 2nd period - Calvin de Haan is hit by Jamie McGinn and loses puck.
2:54 of 2nd period - Snap shot by Zach Stepan.
2:54 of 2nd period - Shot Misses the Net.
3:01 of 2nd period - Icing by Paul Ladue.
3:02 of 2nd period - Jacob Josefson wins face-off versus William Karlsson in Influenza zone.
3:09 of 2nd period - Snap shot by Dany Roussin.
3:09 of 2nd period - Stopped by Malcolm Subban with a rebound.
4:09 of 2nd period - Snap shot by Dany Roussin.
4:09 of 2nd period - Shot Misses the Net.
4:21 of 2nd period - Snap shot by Lucas Lessio.
4:21 of 2nd period - Shot Misses the Net.
4:23 of 2nd period - Slapshot by Paul Ladue.
4:23 of 2nd period - Deflect By Lucas Lessio.
4:23 of 2nd period - Stopped by Jussi Rynnas with a rebound.
4:25 of 2nd period - Slapshot by Paul Ladue.
4:25 of 2nd period - Deflect By Eric Fehr.
4:25 of 2nd period - Stopped by Jussi Rynnas without a rebound.
4:26 of 2nd period - Jake Guentzel wins face-off versus Trevor Lewis in Thunder zone.
4:27 of 2nd period - Wrist shot by Anthony Mantha.
4:27 of 2nd period - Shot Misses the Net.
4:33 of 2nd period - Aaron Ekblad is hit by Joey Ryan and loses puck.
4:38 of 2nd period - Snap shot by Trevor Lewis.
4:38 of 2nd period - Shot Misses the Net.
4:40 of 2nd period - Snap shot by Austin Wuthrich.
4:40 of 2nd period - Goal by Austin Wuthrich - Influenza : 5 - Thunder : 3.
4:41 of 2nd period - Trevor Lewis wins face-off versus Jake Guentzel in neutral zone.
5:16 of 2nd period - Slapshot by Bo Horvat.
5:16 of 2nd period - Stopped by Jussi Rynnas without a rebound.
5:17 of 2nd period - Zach Stepan wins face-off versus Jake Guentzel in Thunder zone.
5:28 of 2nd period - Snap shot by Jamie McGinn.
5:28 of 2nd period - Stopped by Malcolm Subban with a rebound.
5:30 of 2nd period - Slapshot by Gianluca Curcuruto.
5:30 of 2nd period - Stopped by Malcolm Subban without a rebound.
5:31 of 2nd period - Jake Guentzel wins face-off versus William Karlsson in Influenza zone.
5:44 of 2nd period - Eric Fehr is hit by Anthony Mantha and loses puck.
6:54 of 2nd period - Off-side.
6:55 of 2nd period - William Karlsson wins face-off versus Bo Horvat in neutral zone.
7:25 of 2nd period - Anthony Mantha is hit by David Wolf and loses puck.
7:45 of 2nd period - Wrist shot by Zac Dalpe.
7:45 of 2nd period - Stopped by Jussi Rynnas with a rebound.
7:47 of 2nd period - Snap shot by Paul Ladue.
7:47 of 2nd period - Shot Blocked by Zach Stepan.
7:49 of 2nd period - Slapshot by Kasperi Kapanen.
7:49 of 2nd period - Shot Blocked by Derek Forbort.
8:58 of 2nd period - Zach Stepan is hit by Zac Dalpe and loses puck.
9:20 of 2nd period - Snap shot by Jacob Josefson.
9:20 of 2nd period - Goal by Jacob Josefson - Influenza : 6 - Thunder : 3.
9:21 of 2nd period - Jake Guentzel wins face-off versus William Karlsson in neutral zone.
9:31 of 2nd period - Snap shot by Andre Burakovsky.
9:31 of 2nd period - Stopped by Jussi Rynnas with a rebound.
9:33 of 2nd period - Slapshot by Aaron Ekblad.
9:33 of 2nd period - Stopped by Jussi Rynnas with a rebound.
9:35 of 2nd period - Snap shot by Jake Guentzel.
9:35 of 2nd period - Goal by Jake Guentzel - Influenza : 7 - Thunder : 3.
9:36 of 2nd period - William Karlsson wins face-off versus Jake Guentzel in neutral zone.
9:43 of 2nd period - Slapshot by Andre Burakovsky.
9:43 of 2nd period - Stopped by Jussi Rynnas with a rebound.
10:01 of 2nd period - Eric Fehr is hit by Aaron Ekblad and loses puck.
10:06 of 2nd period - Slapshot by Zac Dalpe.
10:06 of 2nd period - Goal by Zac Dalpe - Influenza : 8 - Thunder : 3.
10:06 of 2nd period - Niklas Treutle enters game.
10:07 of 2nd period - Jake Guentzel wins face-off versus William Karlsson in neutral zone.
10:11 of 2nd period - Minor Penalty to William Karlsson for Hooking.
10:12 of 2nd period - Jake Guentzel wins face-off versus Eric Fehr in Thunder zone.
10:50 of 2nd period - Wrist shot by Lucas Lessio.
10:50 of 2nd period - Shot Blocked by David Wolf.
12:11 of 2nd period - Penalty to William Karlsson is over, William Karlsson is back on ice.
12:19 of 2nd period - Zac Dalpe is hit by Jesper Pettersson and loses puck.
12:24 of 2nd period - Snap shot by Jamie McGinn.
12:24 of 2nd period - Goal by Jamie McGinn - Influenza : 8 - Thunder : 4.
12:25 of 2nd period - Trevor Lewis wins face-off versus Zac Dalpe in neutral zone.
12:29 of 2nd period - Snap shot by David Wolf.
12:29 of 2nd period - Shot Misses the Net.
12:31 of 2nd period - Slapshot by Trevor Lewis.
12:31 of 2nd period - Shot Misses the Net.
12:33 of 2nd period - Slapshot by Peter Andersson.
12:33 of 2nd period - Stopped by Malcolm Subban with a rebound.
12:35 of 2nd period - Slapshot by Peter Andersson.
12:35 of 2nd period - Shot Blocked by Aaron Ekblad.
12:37 of 2nd period - Slapshot by Peter Andersson.
12:37 of 2nd period - Shot Misses the Net.
12:39 of 2nd period - Wrist shot by Peter Andersson.
12:39 of 2nd period - Shot Blocked by Luca Sbisa.
12:41 of 2nd period - Slapshot by Peter Andersson.
12:41 of 2nd period - Shot Blocked by Zac Dalpe.
13:36 of 2nd period - Snap shot by Andre Burakovsky.
13:36 of 2nd period - Stopped by Niklas Treutle with a rebound.
13:42 of 2nd period - Snap shot by David Wolf.
13:42 of 2nd period - Shot Blocked by Aaron Ekblad.
13:48 of 2nd period - Minor Penalty to Aaron Ekblad for High sticking.
13:49 of 2nd period - William Karlsson wins face-off versus Zac Dalpe in Influenza zone.
13:50 of 2nd period - Snap shot by Eric Fehr.
13:50 of 2nd period - Goal by Eric Fehr - Influenza : 8 - Thunder : 5.
13:51 of 2nd period - Eric Fehr wins face-off versus Anthony Mantha in neutral zone.
13:58 of 2nd period - Slapshot by Peter Andersson.
13:58 of 2nd period - Stopped by Malcolm Subban without a rebound.
13:59 of 2nd period - William Karlsson wins face-off versus Jake Guentzel in Influenza zone.
14:03 of 2nd period - Minor Penalty to Anthony Mantha for Interference.
14:04 of 2nd period - Zac Dalpe wins face-off versus Eric Fehr in Influenza zone.
14:04 of 2nd period - Zac Dalpe is hit by Dany Roussin.
14:13 of 2nd period - Slapshot by Joey Ryan.
14:13 of 2nd period - Stopped by Malcolm Subban with a rebound.
14:15 of 2nd period - Slapshot by Peter Andersson.
14:15 of 2nd period - Stopped by Malcolm Subban with a rebound.
16:03 of 2nd period - Penalty to Anthony Mantha is over, Anthony Mantha is back on ice.
17:43 of 2nd period - Jamie McGinn is hit by Nick Ritchie and loses puck.
17:54 of 2nd period - Minor Penalty to Emil Johansson for Tripping.
17:55 of 2nd period - Bo Horvat wins face-off versus Eric Fehr in Thunder zone.
18:08 of 2nd period - Slapshot by Dmitry Sinitsyn.
18:08 of 2nd period - Shot Misses the Net.
18:10 of 2nd period - Backhand shot by Lucas Lessio.
18:10 of 2nd period - Stopped by Niklas Treutle with a rebound.
18:50 of 2nd period - Mikko Vainonen is hit by Jake Guentzel and loses puck.
19:54 of 2nd period - Penalty to Emil Johansson is over, Emil Johansson is back on ice.
Goals for this period are 4 for Influenza vs 4 for Thunder.
Shots for this period are 13 for Influenza vs 13 for Thunder.
3rd period
0:01 of 3rd period - Jake Guentzel wins face-off versus William Karlsson in neutral zone.
0:08 of 3rd period - Snap shot by Jake Guentzel.
0:08 of 3rd period - Stopped by Niklas Treutle with a rebound.
0:10 of 3rd period - Wrist shot by Anthony Mantha.
0:10 of 3rd period - Shot Misses the Net.
0:14 of 3rd period - Snap shot by Calvin de Haan.
0:14 of 3rd period - Stopped by Niklas Treutle with a rebound.
1:39 of 3rd period - Minor Penalty to Mikko Vainonen for Roughing.
1:40 of 3rd period - Jake Guentzel wins face-off versus Eric Fehr in Thunder zone.
1:49 of 3rd period - Backhand shot by Andre Burakovsky.
1:49 of 3rd period - Shot Misses the Net.
1:51 of 3rd period - Wrist shot by Jake Guentzel.
1:51 of 3rd period - Stopped by Niklas Treutle with a rebound.
1:53 of 3rd period - Snap shot by Iiro Pakarinen.
1:53 of 3rd period - Deflect By Jake Guentzel.
1:53 of 3rd period - Shot Misses the Net.
1:53 of 3rd period - Puck is out of play.
1:54 of 3rd period - Eric Fehr wins face-off versus Jake Guentzel in Thunder zone.
2:26 of 3rd period - Peter Andersson is hit by Calvin de Haan.
3:39 of 3rd period - Penalty to Mikko Vainonen is over, Mikko Vainonen is back on ice.
4:33 of 3rd period - Austin Wuthrich is hit by Zac Dalpe and loses puck.
5:38 of 3rd period - Snap shot by Dany Roussin.
5:38 of 3rd period - Stopped by Malcolm Subban without a rebound.
5:39 of 3rd period - Jake Guentzel wins face-off versus Vincent Dunn in Influenza zone.
6:16 of 3rd period - Snap shot by Joey Ryan.
6:16 of 3rd period - Stopped by Malcolm Subban without a rebound.
6:17 of 3rd period - William Karlsson wins face-off versus Jacob Josefson in Influenza zone.
6:39 of 3rd period - Slapshot by Lucas Lessio.
6:39 of 3rd period - Deflect By Justin Bailey.
6:39 of 3rd period - Shot Blocked by David Wolf.
6:39 of 3rd period - Puck is out of play.
6:40 of 3rd period - Jake Guentzel wins face-off versus Trevor Lewis in Thunder zone.
6:46 of 3rd period - Icing by Trevor Lewis.
6:47 of 3rd period - Trevor Lewis wins face-off versus Andre Burakovsky in Thunder zone.
6:50 of 3rd period - Slapshot by Andre Burakovsky.
6:50 of 3rd period - Stopped by Niklas Treutle without a rebound.
6:51 of 3rd period - Andre Burakovsky wins face-off versus William Karlsson in Thunder zone.
6:52 of 3rd period - Snap shot by Jake Guentzel.
6:52 of 3rd period - Shot Misses the Net.
7:02 of 3rd period - Paul Ladue is hit by Joey Ryan.
7:05 of 3rd period - Off-side.
7:06 of 3rd period - Bo Horvat wins face-off versus Trevor Lewis in neutral zone.
7:08 of 3rd period - Off-side.
7:09 of 3rd period - Trevor Lewis wins face-off versus Bo Horvat in neutral zone.
8:20 of 3rd period - Snap shot by Jimmy Vesey.
8:20 of 3rd period - Shot Misses the Net.
8:22 of 3rd period - Slapshot by Luca Sbisa.
8:22 of 3rd period - Shot Blocked by Gianluca Curcuruto.
8:26 of 3rd period - Snap shot by Iiro Pakarinen.
8:26 of 3rd period - Shot Blocked by Trevor Lewis.
8:36 of 3rd period - Eric Fehr is hit by Jacob Josefson and loses puck.
8:45 of 3rd period - Slapshot by Lucas Lessio.
8:45 of 3rd period - Shot Blocked by Eric Fehr.
9:06 of 3rd period - Minor Penalty to Roland McKeown for Hooking.
9:07 of 3rd period - Zac Dalpe wins face-off versus Trevor Lewis in Influenza zone.
11:06 of 3rd period - Penalty to Roland McKeown is over, Roland McKeown is back on ice.
11:53 of 3rd period - Jordan Weal is hit by Aaron Ekblad and loses puck.
12:22 of 3rd period - Gianluca Curcuruto is hit by Jimmy Vesey and loses puck.
12:37 of 3rd period - Gianluca Curcuruto is hit by Zac Dalpe and loses puck.
12:50 of 3rd period - Emil Johansson is hit by Jake Guentzel and loses puck.
13:14 of 3rd period - Austin Wuthrich is hit by Lucas Lessio.
13:18 of 3rd period - David Wolf is hit by Roland McKeown and loses puck.
13:33 of 3rd period - Jamie McGinn is hit by Kasperi Kapanen and loses puck.
13:44 of 3rd period - Slapshot by Eric Fehr.
13:44 of 3rd period - Shot Blocked by Andre Burakovsky.
13:46 of 3rd period - Snap shot by Dany Roussin.
13:46 of 3rd period - Stopped by Malcolm Subban without a rebound.
13:47 of 3rd period - William Karlsson wins face-off versus Jake Guentzel in Influenza zone.
14:13 of 3rd period - Slapshot by Derek Forbort.
14:13 of 3rd period - Stopped by Malcolm Subban without a rebound.
14:14 of 3rd period - William Karlsson wins face-off versus Bo Horvat in Influenza zone.
14:44 of 3rd period - Slapshot by Luca Sbisa.
14:44 of 3rd period - Deflect By Anthony Mantha.
14:44 of 3rd period - Stopped by Niklas Treutle with a rebound.
15:11 of 3rd period - Minor Penalty to Jordan Weal for Hooking.
15:12 of 3rd period - Jake Guentzel wins face-off versus Eric Fehr in Thunder zone.
15:17 of 3rd period - Snap shot by Iiro Pakarinen.
15:17 of 3rd period - Stopped by Niklas Treutle with a rebound.
15:19 of 3rd period - Slapshot by Paul Ladue.
15:19 of 3rd period - Deflect By Andre Burakovsky.
15:19 of 3rd period - Stopped by Niklas Treutle without a rebound.
15:20 of 3rd period - Jake Guentzel wins face-off versus Eric Fehr in Thunder zone.
15:23 of 3rd period - Slapshot by Andre Burakovsky.
15:23 of 3rd period - Deflect By Iiro Pakarinen.
15:23 of 3rd period - Stopped by Niklas Treutle without a rebound.
15:24 of 3rd period - Eric Fehr wins face-off versus Jake Guentzel in Thunder zone.
15:37 of 3rd period - Snap shot by Andre Burakovsky.
15:37 of 3rd period - Shot Misses the Net.
15:39 of 3rd period - Wrist shot by Jake Guentzel.
15:39 of 3rd period - Stopped by Niklas Treutle without a rebound.
15:40 of 3rd period - Jake Guentzel wins face-off versus Eric Fehr in Thunder zone.
15:41 of 3rd period - Snap shot by Andre Burakovsky.
15:41 of 3rd period - Goal by Andre Burakovsky - Influenza : 9 - Thunder : 5.
15:42 of 3rd period - William Karlsson wins face-off versus Jake Guentzel in neutral zone.
15:56 of 3rd period - Off-side.
15:57 of 3rd period - Bo Horvat wins face-off versus Trevor Lewis in neutral zone.
16:00 of 3rd period - Slapshot by Jimmy Vesey.
16:00 of 3rd period - Shot Blocked by Peter Andersson.
16:22 of 3rd period - Joey Ryan is hit by Paul Ladue and loses puck.
17:21 of 3rd period - Jordan Weal is hit by Anthony Mantha and loses puck.
19:24 of 3rd period - Slapshot by Calvin de Haan.
19:24 of 3rd period - Shot Hit the Post.
19:26 of 3rd period - Snap shot by Nick Ritchie.
19:26 of 3rd period - Stopped by Niklas Treutle with a rebound.
19:28 of 3rd period - Slapshot by Paul Ladue.
19:28 of 3rd period - Stopped by Niklas Treutle with a rebound.
19:30 of 3rd period - Wrist shot by Paul Ladue.
19:30 of 3rd period - Deflect By Mikko Vainonen.
19:30 of 3rd period - Stopped by Niklas Treutle with a rebound.
Goals for this period are 1 for Influenza vs 0 for Thunder.
Shots for this period are 13 for Influenza vs 4 for Thunder.
Back to the Top